Map: Inside and Out

Players

Harstem - Winner!

  • Race: Protoss Protoss
  • League: Master
  • Spawn Location: 1:00

Solar

  • Race: Zerg Zerg
  • League: Master
  • Spawn Location: 7:00

Event: HomeStory Cup XXII

VOD

Have the link to the VOD?

Description

Time

  • Played on: Dec. 15, 2022, 1:16 p.m.
  • Length: 9:34

All games in this series

Show
View Real Time Build Order
Export as new Build Order

Harstem Protoss - Winner!

Build Orders: Oracle Opening, Zealot Archon 

Get SALT Encoding   

  12  0:00  Probe  
  13  0:12  Probe  
  14  0:17  Pylon  
  14  0:24  Probe  
  15  0:37  Probe (Chrono Boost), Gateway  
  16  0:47  Probe (Chrono Boost)  
  17  0:52  Probe (Chrono Boost)  
  17  0:56  Forge  
  18  1:03  Probe  
  19  1:08  Assimilator  
  19  1:20  Pylon  
  19  1:22  Probe  
  20  1:29  Pylon  
  20  1:38  Photon Cannon  
  20  1:42  Pylon  
  20  1:43  Cybernetics Core  
  20  1:52  Photon Cannon  
  20  2:02  Photon Cannon  
  20  2:05  Probe  
  21  2:17  Adept (Chrono Boost), Probe  
  24  2:34  Nexus  
  25  2:40  Adept (Chrono Boost)  
  26  2:44  Probe  
  27  2:55  Pylon  
  27  2:56  Probe  
  27  3:08  Assimilator  
  27  3:09  Probe  
  27  3:10  Stargate  
  28  3:21  Probe  
  31  3:28  Warp Gate  
  31  3:33  Probe  
  32  3:38  Adept (Chrono Boost)  
  32  3:46  Probe (Chrono Boost)  
  34  3:51  Probe (Chrono Boost)  
  34  3:55  Probe (Chrono Boost)  
  35  3:56  Oracle (Chrono Boost)  
  35  3:59  Probe (Chrono Boost)  
  35  4:00  Probe (Chrono Boost)  
  35  4:02  Pylon  
  40  4:07  Adept  
  43  4:10  Probe  
  43  4:12  Probe  
  43  4:15  Gateway  
  44  4:22  Shield Battery, Probe  
  45  4:26  Probe  
  44  4:31  Oracle (Chrono Boost)  
  44  4:34  Probe  
  44  4:38  Probe  
  47  4:51  Probe  
  48  4:53  Probe  
  48  4:55  Nexus  
  48  4:56  Pylon  
  49  5:03  Oracle (Chrono Boost), Probe  
  49  5:05  Probe  
  54  5:13  Assimilator  
  54  5:15  Probe (Chrono Boost), Assimilator  
  54  5:16  Adept  
  54  5:17  Adept, Pylon  
  60  5:25  Probe (Chrono Boost)  
  60  5:30  Probe (Chrono Boost)  
  60  5:33  Probe (Chrono Boost)  
  62  5:36  Probe  
  62  5:42  Twilight Council  
  63  5:43  Protoss Ground Weapons Level 1 (Chrono Boost), Probe  
  63  5:46  Gateway  
  63  5:47  Gateway  
  63  5:48  Probe  
  65  5:55  Probe  
  65  5:56  Zealot, Sentry  
  70  5:57  Shield Battery  
  70  6:07  Probe x2  
  70  6:09  Probe  
  71  6:18  Charge (Chrono Boost)  
  71  6:19  Probe  
  71  6:20  Zealot x2, Probe  
  71  6:21  Probe  
  78  6:26  Templar Archives  
  78  6:29  Assimilator  
  78  6:31  Probe  
  78  6:32  Probe  
  80  6:33  Robotics Facility, Probe, Assimilator  
  80  6:38  Pylon  
  81  6:40  Stalker  
  81  6:42  Zealot  
  85  6:56  Pylon  
  85  6:57  Probe x2 (Chrono Boost)  
  88  7:02  Probe (Chrono Boost)  
  88  7:04  Probe x2 (Chrono Boost)  
  88  7:06  Gateway, High Templar  
  88  7:07  Gateway  
  93  7:08  Probe  
  93  7:09  Pylon  
  93  7:11  Gateway  
  93  7:12  Pylon  
  93  7:14  Probe x2  
  95  7:22  High Templar x3  
  101  7:27  Observer (Chrono Boost)  
  101  7:29  Archon  
  102  7:31  Archon  
  102  7:33  Nexus  
  102  7:35  Pylon  
  102  7:36  Probe  
  103  7:38  Probe  
  103  7:40  Immortal  
  103  7:42  Probe  
  108  7:45  Gateway  
  108  7:48  Probe  
  109  7:52  Zealot  
  109  7:55  Zealot x3  
  117  8:02  Shield Battery  
  117  8:05  Pylon  
  117  8:07  Zealot x3  
  119  8:18  Zealot x2, Immortal (Chrono Boost)  
  119  8:19  Zealot  
  120  8:23  Robotics Bay  
  117  8:29  Shield Battery, Sentry, High Templar x2  
  117  8:30  Zealot  
  125  8:37  Archon, Photon Cannon  
  125  8:40  Sentry x3  
  131  8:48  Immortal (Chrono Boost)  
  131  8:53  Zealot x3  
  132  8:56  Photon Cannon  
  128  9:07  Zealot x5  
  134  9:15  Zealot x3  
  134  9:18  Probe  
  124  9:30  Zealot x5  
Show
View Real Time Build Order
Export as new Build Order

Solar Zerg 

Build Orders: Hatch First 

Get SALT Encoding   

  12  0:00  Drone  
  13  0:12  Overlord  
  13  0:17  Drone  
  14  0:31  Drone x2  
  16  0:47  Hatchery  
  15  0:51  Drone  
  15  0:54  Drone  
  17  0:57  Drone  
  18  1:08  Extractor  
  17  1:13  Spawning Pool  
  17  1:16  Drone  
  17  1:20  Drone  
  18  1:28  Drone  
  19  1:38  Drone  
  20  2:01  Queen x2  
  20  2:02  Zergling x2  
  20  2:05  Overlord  
  25  2:18  Metabolic Boost  
  25  2:35  Hatchery  
  24  2:40  Overlord  
  24  2:43  Zergling x2  
  25  2:50  Zergling x2  
  26  3:00  Drone  
  26  3:01  Drone x3  
  30  3:07  Overlord  
  30  3:15  Drone x3  
  33  3:24  Drone  
  34  3:36  Zergling x2  
  35  3:42  Hatchery  
  35  3:49  Hatchery  
  35  3:53  Drone x4  
  38  3:59  Queen  
  40  4:06  Drone  
  40  4:08  Queen  
  43  4:12  Drone x2  
  43  4:16  Overlord  
  45  4:19  Spore Crawler  
  45  4:22  Zergling x2  
  43  4:24  Zergling x2  
  43  4:28  Zergling x2  
  38  4:33  Drone  
  38  4:34  Drone  
  40  4:39  Drone x2  
  40  4:40  Drone  
  40  4:42  Drone  
  44  4:47  Drone  
  44  4:51  Queen  
  46  4:57  Drone x2  
  46  4:58  Drone  
  49  5:01  Spore Crawler  
  49  5:02  Drone  
  49  5:06  Queen  
  49  5:12  Drone x3  
  54  5:17  Drone x3  
  57  5:21  Overlord  
  57  5:24  Drone  
  57  5:25  Drone  
  57  5:28  Drone  
  55  5:29  Drone  
  55  5:33  Drone x2  
  55  5:35  Drone  
  55  5:37  Zergling x2  
  55  5:39  Zergling x2  
  55  5:40  Zergling x2  
  60  5:42  Zergling x2  
  60  5:44  Zergling x2  
  60  5:45  Zergling x2  
  62  5:50  Lair  
  62  5:55  Zergling x2  
  62  5:56  Roach Warren  
  62  5:57  Drone  
  63  5:59  Drone x2  
  63  6:00  Drone  
  63  6:03  Drone  
  63  6:04  Drone  
  65  6:06  Overlord  
  65  6:10  Drone x2  
  67  6:13  Drone  
  67  6:14  Drone  
  67  6:15  Extractor  
  67  6:16  Drone  
  67  6:17  Drone  
  67  6:18  Drone  
  67  6:21  Drone x2, Extractor  
  67  6:25  Drone x3  
  71  6:28  Drone  
  71  6:30  Drone  
  71  6:31  Drone x2  
  76  6:38  Extractor  
  76  6:39  Overlord  
  75  6:40  Drone x2, Extractor  
  75  6:42  Drone x3  
  78  6:48  Glial Reconstitution  
  78  6:51  Zergling x2  
  78  6:52  Zergling x4  
  81  6:56  Overlord  
  81  6:57  Overlord  
  81  7:05  Overlord  
  81  7:08  Hatchery, Overlord  
  80  7:10  Overlord  
  80  7:13  Overlord  
  80  7:15  Roach x3  
  86  7:18  Roach x3  
  86  7:19  Roach  
  86  7:20  Roach  
  86  7:21  Roach  
  98  7:25  Roach x2  
  98  7:28  Roach x2  
  106  7:31  Roach x2  
  106  7:33  Overlord  
  106  7:36  Roach  
  112  7:37  Extractor  
  112  7:40  Overlord  
  112  7:41  Roach  
  112  7:43  Overlord  
  113  7:47  Roach  
  113  7:48  Roach x2  
  113  7:51  Roach  
  120  7:52  Roach  
  120  7:55  Roach x2  
  120  7:56  Overseer  
  120  7:58  Roach  
  127  7:59  Ravager  
  127  8:00  Ravager  
  127  8:02  Ravager  
  127  8:03  Roach  
  132  8:07  Roach x2  
  132  8:08  Roach  
  132  8:09  Roach  
  139  8:13  Roach x2  
  139  8:15  Roach  
  139  8:18  Roach  
  136  8:21  Roach  
  136  8:22  Roach x2  
  136  8:26  Roach  
  136  8:27  Roach  
  146  8:31  Roach x3  
  146  8:33  Ravager  
  153  8:35  Roach  
  153  8:36  Overlord  
  153  8:39  Overlord  
  155  8:42  Roach  
  155  8:44  Overlord  
  157  8:50  Roach x2  
  157  8:53  Roach x2  
  157  8:55  Ravager  
  153  8:56  Ravager  
  153  8:58  Roach x2  
  153  8:59  Ravager x2  
  153  9:00  Roach  
  153  9:02  Roach  
  158  9:05  Roach  
  158  9:08  Roach  
  153  9:11  Roach  
  153  9:13  Roach  
Tags
 
Add a new tag
Caveats
  • Supply blocks, unpowered buildings, or Contaminate may cause inaccurate times.
  • Supply counts are checked every 10 seconds.